 Dungeon Crawl Stone Soup version 0.31-a0-819-gf6de2f5ab6 (webtiles) character file.

Game seed: 12730564411603224116

64 qw the Shooter (level 4, -1/28 HPs)
             Began as a Gargoyle Hunter on Sept 23, 2023.
             Blown up by Ijyb (16 damage)
             ... with a mindburst bolt
             ... on level 3 of the Dungeon.
             The game lasted 00:00:33 (1256 turns).

qw the Shooter (Gargoyle Hunter)                    Turns: 1256, Time: 00:00:33

Health: -1/28      AC:  6    Str: 13 (14) XL:     4   Next: 12%
Magic:  4/4        EV: 11    Int:  9 (10) God:
Gold:   98         SH:  0    Dex: 13 (15) Spells: 3/3 levels left

rFire   . . .        Y - +0 shortbow
rCold   + . .        (shield currently unavailable)
rNeg    + . .        c - +0 leather armour
rPois   inf          (no helmet)
rElec   +            (no cloak)
rCorr   .            (no gloves)
SInv    .            (no boots)
Will    .....        (no amulet)
Stlth   +            g - ring of protection from cold
HPRegen 0.24/turn    (no ring)
MPRegen 0.09/turn

%: no passive effects
@: no status effects
A: sickness immunity, AC +3, negative energy resistance 1, electricity
resistance, torment resistance 1, petrification resistance
a: no special abilities


You were on level 3 of the Dungeon.
You visited 1 branch of the dungeon, and saw 3 of its levels.

You collected 98 gold pieces.


Innate Abilities, Weirdness & Mutations

You are immune to sickness and miasma.
Your stone body is resilient. (AC +3)
You are immune to poison.
You resist negative energy. (rN+)
You are resistant to electric shocks. (rElec)
You are resistant to unholy torment.
You are immune to petrification.


   Skills:
 - Level 3.0 Fighting
 + Level 5.2 Ranged Weapons
 - Level 1.5 Dodging
 - Level 1.1 Stealth


You had 3 spell levels left.
You didn't know any spells.
Your spell library was empty.

Inventory:

Hand Weapons
 Y - a +0 shortbow (weapon)
Armour
 c - a +0 leather armour (worn)
Jewellery
 g - a ring of protection from cold (left hand)
Scrolls
 f - a scroll of identify
Potions
 a - 2 potions of attraction {unknown}
 h - a potion of curing {unknown}
 i - a potion of haste {unknown}

Dungeon Overview and Level Annotations

Branches:
Dungeon (3/15)

Altars:

Annotations:
D:3 Ijyb


Message History

You shoot an arrow. The arrow hits the endoplasm!
You kill the endoplasm!
a - 2 white potions (gained 1)
Found 6 stones.
A rat comes into view.
You shoot an arrow. The arrow closely misses the rat.
You shoot an arrow. The arrow hits the rat.
You kill the rat!
A rat comes into view.
You shoot an arrow. The arrow hits the rat.
The rat is heavily wounded.
You shoot an arrow. The arrow barely misses the rat.
The rat closely misses you.
You shoot an arrow. The arrow closely misses the rat.
The rat bites you but does no damage.
You shoot an arrow. The arrow barely misses the rat.
The rat closely misses you. The rat bites you but does no damage.
You shoot an arrow. The arrow hits the rat!
You kill the rat!
Ijyb the Twisted Goblin comes into view.
She is wielding a +2 dagger of freezing, wearing a +1 chain mail of cold resistance and carrying a wand of mindburst.
Ijyb shouts!
You shoot an arrow. The arrow hits Ijyb but does no damage.
Ijyb barely misses you.
You shoot an arrow. The arrow hits Ijyb but does no damage.
Ijyb barely misses you.
You shoot an arrow. The arrow closely misses Ijyb.
Ijyb zaps a wand.
You barely resist. You shoot an arrow. The arrow barely misses Ijyb.
Ijyb hits you with a +2 dagger of freezing.
You shoot an arrow. The arrow hits Ijyb.
Ijyb is lightly wounded.
Ijyb zaps a wand.
Your mind is blasted!
Ijyb zaps a wand.
Your mind is blasted!
You shoot an arrow. The arrow hits Ijyb but does no damage.
Ijyb is lightly wounded.
Ijyb hits you but does no damage.
You shoot an arrow. The arrow hits Ijyb.
Ijyb is lightly wounded.
Ijyb zaps a wand.
Your mind is blasted!
Ouch! That really hurt!
You die...

###+###............#
#.....#............#
#.....#.......###'##
.#.....#.......#
#.######
...........#####
#.......
.#.%.......#
######## #....(....#
#.........#
###....@###
#.....g......
#............
#............
#............
#####........
#........ #........


You could see Ijyb.

Vanquished Creatures
  An adder (D:2)
  3 dart slugs
  2 ball pythons (D:2)
  6 endoplasms
  6 giant cockroaches
  7 goblins
  2 hobgoblins (D:2)
  A quokka (D:2)
  5 bats
  2 frilled lizards (D:1)
  3 kobolds
  9 rats
47 creatures vanquished.

Notes
Turn   | Place    | Note
-------+----------+-------------------------------------------
     0 | D:1      | qw the Gargoyle Hunter began the quest for the Orb.
     0 | D:1      | Reached XP level 1. HP: 12/12 MP: 1/1
     0 | D:1      | 0 ||| qw: Version: 0.3-a-83-gcd0e7d8
     0 | D:1      | 0 ||| qw: Game counter: 1586
     0 | D:1      | 0 ||| qw: Melee chars always use a shield: true
     0 | D:1      | 0 ||| qw: God list: Okawaru
     0 | D:1      | 0 ||| qw: Allow faded altars: false
     0 | D:1      | 0 ||| qw: Do Orc after clearing Dungeon:15 true
     0 | D:1      | 0 ||| qw: Do second Lair branch before Depths: true
     0 | D:1      | 0 ||| qw: Lair rune preference: random
     0 | D:1      | 0 ||| qw: Goals: Normal
     0 | D:1      | 0 ||| PLANNING D:1-11
   133 | D:1      | Reached XP level 2. HP: 15/17 MP: 2/2
   515 | D:1      | 515 ||| READING scroll labelled ISTREA RILOYNONK.
   516 | D:1      | 516 ||| DROPPING scroll of butterflies.
   551 | D:2      | Reached XP level 3. HP: 21/21 MP: 3/3
   562 | D:2      | Reached skill level 5 in Ranged Weapons
   800 | D:2      | Reached skill level 3 in Fighting
  1026 | D:2      | Reached XP level 4. HP: 28/28 MP: 4/4
  1172 | D:2      | 1172 ||| DROPPING +6 ring of intelligence.
  1173 | D:2      | 1173 ||| UPGRADING to ring of protection from cold.
  1174 | D:2      | 1174 ||| READING 2 scrolls labelled YDWAR CINID.
  1175 | D:2      | 1175 ||| READING scroll labelled ZIKKOQ SUQYAJ.
  1176 | D:2      | 1176 ||| DRINKING 2 purple potions.
  1177 | D:2      | 1177 ||| DROPPING scroll of amnesia.
  1178 | D:2      | 1178 ||| DROPPING potion of degeneration.
  1249 | D:3      | Noticed Ijyb
  1256 | D:3      | Blown up by Ijyb

Levels and vault maps discovered:
D:1:      dpeg_arrival_simpleton_c, layout_basic
D:2:      layout_basic
D:3:      layout_basic, roderic_batcave, uniq_ijyb

Skill      XL: |  1  2  3 |
---------------+----------+-----
Ranged Weapons | 5 |  5.2
Fighting       | 3 |  3.0
Dodging        | |  1.5
Stealth        | |  1.1

Action                     |  1- 3 |  4- 6 || total
---------------------------+-------+-------++-------
   Fire: Shortbow          |   107 |    22 ||   129
    Use: Scroll            |     1 |     2 ||     3
         Potion            |       |     1 ||     1
 Armour: Leather armour    |    28 |     6 ||    34
  Dodge: Dodged            |    25 |     5 ||    30

Table legend:
 A = Non-vault XP
 B = Vault XP
 C = Vault XP percentage of total XP
 D = Non-vault monster count
 E = Vault monster count
 F = Vault count percentage of total count
                 A         B        C        D         E       F
            +---------+---------+-------+---------+---------+-------
      Total |      92 |       0 |   0.0 |      47 |       0 |   0.0
            +---------+---------+-------+---------+---------+-------
        D:1 |      31 |       0 |   0.0 |      18 |       0 |   0.0
        D:2 |      55 |       0 |   0.0 |      25 |       0 |   0.0
        D:3 |       6 |       0 |   0.0 |       4 |       0 |   0.0
            +---------+---------+-------+---------+---------+-------
